[Event "*** Titled Tuesday 3|2 Blitz"]
[Site "Chess.com"]
[Date "2015.10.06"]
[Round "9"]
[White "metalbattler"]
[Black "Carolina-moon"]
[Result "1/2-1/2"]
[WhiteElo "1945"]
[BlackElo "2029"]
[TimeControl "180+2"]
[EndTime "12:56:05 PDT"]
[Termination "Game drawn by agreement"]

1. e4 c5 2. Nc3 Nc6 3. f4 g6 4.
Nf3 Bg7 5. Bb5 Nd4 6. O-O e6 7. d3 a6 8. Bc4 b5 9. Bb3 Ne7 10. Nxd4 cxd4 11. Ne2 O-O 12. Qe1 d5 13. e5 f6 14. Nxd4 fxe5 15. fxe5 Rxf1+ 16. Kxf1 Qc7 17. Bf4 Bd7 18. Kg1 Rf8 19. Qe3 Qb6 20. Re1 a5 21. a3 a4 22. Ba2 b4 23. Kh1 bxa3 24. Nf5 Qxe3 25. Nxe7+ Kf7 26. Bxe3 Kxe7 27. Bc5+ Ke8 28.
Bxf8 Bxf8 29. bxa3 Bxa3 30. Kg1 Bb2 31. Kf2 Bc3 32. Re2 Bc6 33. g4 g5 34. Kg3 Ke7 35. h4 h6 36. hxg5 hxg5 37. Kf3 d4+ 38. Kg3 Bd5 39. Bxd5 exd5 40. Rh2 a3 41. Rh7+ Ke6 42. Ra7 Bb2 43. Kf3 Kxe5 44. Re7+ Kd6 45. Ra7 Kc5 46. Ke2 Kb4 47. Kd2 Ba1 48. Rb7+ Ka5 49. Ra7+ Kb4 50. Rb7+ Kc5 51. Rc7+ Kd6 52. Ra7 Bb2 53. Ke2 Ke5 54. Kf3 Bc1 55. Ra8 Bb2 56. Ra6 Bc1 57. Ra8 Bb2 58.
Ra6 1/2-1/2

[Event "*** Titled Tuesday 3|2 Blitz"]
[Site "Chess.com"]
[Date "2015.10.06"]
[Round "9"]
[White "tac49"]
[Black "gmjlh"]
[Result "0-1"]
[WhiteElo "2470"]
[BlackElo "2627"]
[TimeControl "180+2"]
[EndTime "12:56:18 PDT"]
[Termination "gmjlh won by resignation"]

1. e4 e5 2. Nf3 Nc6 3. Bb5 Nf6 4. O-O Nxe4 5. Re1 Nd6 6. Nxe5 Be7 7.
Bf1 Nf5 8. d4 Nfxd4 9. Nc3 O-O 10. Nd5 Bf6 11. Nxf6+ Qxf6 12. c3 Nxe5 13. cxd4 Ng6 14.
d5 d6 15. Qc2 Qd8 16. Bd2 Bd7 17. Rac1 c5 18. dxc6 Bxc6 19. Bb4 Nh4 20. Re3 Re8 21. Rxe8+ Bxe8 22. Qe4 Bc6 23. Qg4 Ng6 24. Bc3 Qh4 25. Qxh4 Nxh4 26. Rd1 Rd8 27. f3 Nf5 28. Kf2 h5 29. b4 a6 30. Rd2 Ne7 31. Bd4 d5 32. a3 Ba4 33. Bd3 Nc6 34. Bb6 Re8 35. Re2 Rxe2+ 36.
Kxe2 Bb5 37. Ke3 Bxd3 38. Kxd3 f6 39. Kc3 Kf7 40. a4 Ke6 41. b5 axb5 42. axb5 Ne5 43. Bc5 Nd7 44. Bd4 Kd6 45. Kd3 Nc5+ 46. Ke3 Ne6 47.
Bb6 Ke5 48. Ba7 d4+ 49. Kd3 Kd5 50. g3 g5 51. Bb6 f5 52. h3 g4 53. hxg4 hxg4 54.
fxg4 fxg4 55. Ba7 Nc5+ 56. Ke2 Nd7 57. Kd3 Ne5+ 58. Ke2 Kc4 59. Bb8 Nf3 60. b6 Kc3 61.
Bf4 Kc2 62. Kf2 d3 0-1

[Event "*** Titled Tuesday 3|2 Blitz"]
[Site "Chess.com"]
[Date "2015.10.06"]
[Round "9"]
[White "Iball95"]
[Black "Zvonokchess"]
[Result "0-1"]
[WhiteElo "2348"]
[BlackElo "2546"]
[TimeControl "180+2"]
[EndTime "12:56:42 PDT"]
[Termination "Zvonokchess won by checkmate"]

1. e4 c5 2. Nf3 e6 3. g3 Nc6 4.
Bg2 d5 5. d3 dxe4 6. dxe4 Qxd1+ 7. Kxd1 b6 8. c3 Ba6 9. Bg5 h6 10. Be3 O-O-O+ 11. Nbd2 Nf6 12. Ne1 Ng4 13. Nc2 Nce5 14.
f3 Nxe3+ 15. Nxe3 Nd3 16. Kc2 Nxb2 17. Bf1 Bxf1 18. Rhxf1 Nd3 19. Ndc4 b5 20. Na5 Ne5 21. f4 Ng6 22. Nc6 Rd7 23. Rad1 Rc7 24. Rd8+ Kb7 25.
Na5+ Kb6 26. Nb3 Be7 27. Rxh8 Nxh8 28. Rb1 a6 29. Nd2 Kc6 30. a4 Ng6 31. axb5+ axb5 32. Ra1 Kb7 33. Nb3 Nf8 34. c4 b4 35. Na5+ Kb6 36.
Nb3 Nd7 37. e5 Nb8 38. Nd2 Nc6 39. Ne4 Rd7 40. Ra8 f5 41. Nd2 Nd4+ 42. Kb2 g5 43.
Re8 gxf4 44. gxf4 Ne2 45. Nb3 Nxf4 46. Rb8+ Rb7 47. Rc8 Nd3+ 48. Kc2 Nxe5 49. Nd1 Rc7 50. Rb8+ Kc6 51. Nb2 f4 52. Na4 f3 53. Na5+ Kd6 54. Nb7+ Rxb7 55. Rxb7 f2 56. Rb6+ Nc6 57. Nxc5 Kxc5 58.
Rb5+ Kxc4 59. Rf5 exf5 60. h4 f1=Q 61. h5 Qe2+ 62. Kc1 Kc3 63. Kb1 Qb2# 0-1

[Event "*** Titled Tuesday 3|2 Blitz"]
[Site "Chess.com"]
[Date "2015.10.06"]
[Round "9"]
[White "dabee"]
[Black "gumersindo"]
[Result "1-0"]
[WhiteElo "2350"]
[BlackElo "2159"]
[TimeControl "180+2"]
[EndTime "12:56:44 PDT"]
[Termination "dabee won by resignation"]

1. d4 d5 2. Nf3 Nf6 3. Bf4 e6 4. e3 c5 5. c3 Nc6 6. Nbd2 Bd6 7.
Bg3 O-O 8. Bd3 b6 9. Ne5 Bb7 10. f4 Qc7 11. Bh4 Be7 12. Bxf6 Bxf6 13. Ndf3 Nxe5 14.
Nxe5 Bxe5 15. fxe5 f6 16. Qh5 g6 17. Qh3 Rae8 18. exf6 Rxf6 19. Rf1 Ref8 20. Rxf6 Rxf6 21. Ke2 Qf7 22. Qg3 Kg7 23. Re1 cxd4 24. exd4 Rf4 25. Kd2 Bc8 26. Qe3 Rf2+ 27. Re2 Rxe2+ 28. Bxe2 Qf6 29. Bg4 h5 30. Bh3 g5 31. g3 g4 32. Bg2 Qh6 33. Bf1 Bd7 34. Bd3 Be8 35. Ke2 Qxe3+ 36. Kxe3 Kf6 37. Kf4 a5 38. a3 Bd7 39.
Bf1 Ba4 40. h3 gxh3 41. Bxh3 Bd1 42. Bf1 Ba4 43. Be2 Be8 44. Bd1 Bg6 45. Ba4 Bf7 46. Bc6 Bg6 47. Bb5 Bf7 48. b3 Bg6 49. c4 Bc2 50.
cxd5 exd5 51. b4 axb4 52. axb4 Bg6 53. Be2 Be8 54. Bd1 Bg6 55. Bb3 Bf7 56. Ba4 Bg6 57. Bd7 Bf7 58. Bc6 Be6 59. Be8 Bg4 60.
Bb5 Bf5 61. Bf1 Bd7 62. Bd3 Be8 63. Bf5 Bf7 64. Bh3 Bg6 65. Bg2 Ke6 66. Bf3 Be8 67. Kg5 h4 68. gxh4 1-0

[Event "*** Titled Tuesday 3|2 Blitz"]
[Site "Chess.com"]
[Date "2015.10.06"]
[Round "9"]
[White "Rating-Schmating"]
[Black "kleinebeer98"]
[Result "1-0"]
[WhiteElo "1970"]
[BlackElo "2218"]
[TimeControl "180+2"]
[EndTime "12:56:57 PDT"]
[Termination "Rating-Schmating won by resignation"]

1. e4 e5 2. Nf3 Nc6 3. d4 exd4 4.
Nxd4 Bc5 5. c3 Qf6 6. Be3 Nge7 7. Be2 O-O 8. O-O d6 9. Nxc6 Nxc6 10. Bxc5 dxc5 11.
Nd2 Be6 12. Qc2 Rad8 13. Nf3 Rfe8 14. Rad1 Bg4 15. Rd5 Rxd5 16. exd5 Ne7 17. c4 Ng6 18. h3 Nf4 19. hxg4 Nxe2+ 20. Kh1 h5 21. g5 Qd8 22.
Re1 Nd4 23. Rxe8+ Qxe8 24. Nxd4 Qe1+ 25. Kh2 cxd4 26. Qf5 g6 27. Qf6 d3 28. Qd8+ Kg7 29. Qf6+ Kf8 30. d6 cxd6 31. Qxd6+ Kg8 32. Qd8+ Kh7 33.
Qxd3 Qe5+ 34. g3 Qxb2 35. Qf3 Kg8 36. a4 Qb4 37. Qd5 b6 38. Qd8+ Kh7 39. Qd5 Qe7 40. a5 bxa5 41. Qxa5 Kg8 42. Qd5 Qc7 43. c5 a5 44.
Qa8+ Kh7 45. c6 Qb6 46. Kg2 Qc5 47. Qb7 Qd5+ 48. Kh2 a4 49. Qa6 a3 50. Qxa3 Qxc6 51. Qe7 Qf3 52. Qc5 Kg7 53. Qe5+ Kg8 54. Qe8+ Kh7 55.
Qe3 Qxe3 56. fxe3 Kg8 57. Kg2 Kf8 58. Kf3 Ke7 59. Kf4 Kd6 60. Ke4 Ke6 61. Kf4 Kd5 62. e4+ Kd4 63. Kf3 Kd3 64. Kf4 Kd4 65. Kf3 Kc4 66.
Ke3 Kc3 67. e5 Kc4 68. Ke4 Kc5 69. e6 fxe6 70. Ke5 Kc4 71. Kxe6 Kd4 72. Kf6 Ke4 73. Kxg6 h4 74. gxh4 1-0

[Event "*** Titled Tuesday 3|2 Blitz"]
[Site "Chess.com"]
[Date "2015.10.06"]
[Round "9"]
[White "ItalianMachine"]
[Black "FMCouch"]
[Result "0-1"]
[WhiteElo "2197"]
[BlackElo "2045"]
[TimeControl "180+2"]
[EndTime "12:57:03 PDT"]
[Termination "FMCouch won by resignation"]

1. e4 c5 2. Nf3 d6 3. c3 Nf6 4.
Bd3 g6 5. O-O Bg7 6. Bc2 O-O 7.
h3 Qc7 8. d3 Nc6 9. Re1 b6 10.
Nbd2 Bb7 11. Nf1 e6 12. g4 h5 13. N1h2 Ne5 14. Nxe5 dxe5 15. Bg5 hxg4 16. hxg4 Rad8 17. Qf3 Nh7 18. Bxd8 Rxd8 19. Qe3 Qe7 20. Kg2 Qh4 21.
Qg3 Qe7 22. Nf3 f6 23. Rh1 g5 24. Rh5 Nf8 25. Rah1 Ng6 26. Rh7 Nf4+ 27. Kf1 Nxd3 28. Ne1 Nf4 29. Qh2 Qf8 30. Rh8+ Bxh8 31. Qxh8+ Kf7 32.
Rh7+ Kg6 33. Qxf8 Ba6+ 34. Kg1 Rxf8 35. Rxa7 Be2 36. f3 Rd8 37. Kf2 Rh8 38. Rb7 Rh2+ 39. Kg1 Rh3 40. Rxb6 Bxf3 41. Nxf3 Rxf3 42. a4 Rg3+ 43. Kf2 Rg2+ 44. Kf3 Rxc2 45. a5 Rc1 46. a6 Ra1 47. b4 cxb4 48. cxb4 Nd3 49. b5 Ne1+ 50. Kg3 Nc2 51. Rxe6 Nd4 52. Rb6 Ra5 53.
Rb7 Nxb5 54. Rb8 Nd4 55. Rb6 Nc2 56. Kf2 Na3 57. Ke2 Nc4 58. Rc6 Na3 59. Kd3 Nb1 60. Kc2 Na3+ 61. Kb3 Nb1 62. Kb4 Ra1 63. Kb5 Nd2 64.
Kb6 Nxe4 65. a7 Nf2 66. Rc5 Rxa7 67. Kxa7 Nxg4 68. Kb6 Kf5 69. Kb5 Ne3 70. Kb4 g4 71.
Kc3 Ke4 72. Kd2 f5 73. Ke2 f4 74. Ra5 f3+ 75. Kf2 Kf4 76. Ra8 g3+ 0-1

[Event "*** Titled Tuesday 3|2 Blitz"]
[Site "Chess.com"]
[Date "2015.10.06"]
[Round "9"]
[White "3f32"]
[Black "JustKid"]
[Result "1/2-1/2"]
[WhiteElo "2272"]
[BlackElo "2131"]
[TimeControl "180+2"]
[EndTime "12:57:26 PDT"]
[Termination "Game drawn - insufficient material"]

1. d4 d5 2. c4 e6 3. Nf3 c5 4. g3 Nc6 5. cxd5 exd5 6. Bg2 Nf6 7. O-O Be7 8. Nc3 O-O 9. Bg5 c4 10. Ne5 Be6 11. f4 h6 12. Bxf6 Bxf6 13. f5 Bxe5 14. dxe5 Qb6+ 15. Kh1 Qxb2 16. Rc1 Kh8 17. fxe6 fxe6 18.
Qc2 Qxc2 19. Rxc2 Nxe5 20. Rd1 Ng4 21. Rd4 Ne3 22. Rcd2 Rf2 23. Bh3 Raf8 24. Rf4 R8xf4 25. gxf4 Rxf4 26. Kg1 g5 27. Nd1 Nxd1 28. Rxd1 g4 29. Bg2 b5 30. e3 Rf7 31. e4 b4 32. exd5 exd5 33. Rxd5 Rc7 34. Rd1 c3 35. Kf2 a5 36. Ke3 a4 37. Bd5 Rd7 38. Ke4 Kg7 39. Rg1 h5 40. h3 c2 41. hxg4 Rxd5 42. gxh5+ Kh6 43. Kxd5 b3 44. axb3 axb3 45. Rc1 b2 46. Rxc2 b1=Q 47. Rc4 Kxh5 48. Re4 Kg5 49. Ke5 Qb5+ 50.
Kd4 Kf5 51. Re3 Qb4+ 52. Kd3 Kf4 53. Re2 Qd6+ 54. Kc3 Qc5+ 55. Kd3 Kf3 56. Rc2 Qd5+ 57. Kc3 Ke3 58. Kb2 Qd4+ 59. Kb3 Kd3 60. Rc1 Qb6+ 61. Ka2 Qa5+ 62. Kb3 Qb5+ 63. Ka2 Qa4+ 64. Kb2 Qb4+ 65. Ka2 Qd2+ 66. Kb1 Qe2 67. Ka1 Qd2 68. Kb1 Qb4+ 69. Ka2 Kd2 70. Rb1 Qc3 71. Rb2+ Kc1 72. Rb1+ Kd2 73.
Rb2+ Qxb2+ 74. Kxb2 1/2-1/2

[Event "*** Titled Tuesday 3|2 Blitz"]
[Site "Chess.com"]
[Date "2015.10.06"]
[Round "9"]
[White "rikyshi"]
[Black "Nutflush"]
[Result "0-1"]
[WhiteElo "2119"]
[BlackElo "1964"]
[TimeControl "180+2"]
[EndTime "12:57:39 PDT"]
[Termination "Nutflush won by resignation"]

1. e4 c5 2. Nf3 Nc6 3. d4 cxd4 4. Nxd4 Nf6 5. Nc3 e5 6. Ndb5 d6 7. a4 a6 8. Na3 Be6 9. Bc4 Be7 10. Bxe6 fxe6 11. O-O d5 12. exd5 exd5 13. Bg5 d4 14. Bxf6 Bxf6 15. Ne4 O-O 16. Nc4 b5 17. axb5 axb5 18.
Rxa8 Qxa8 19. Nb6 Qb7 20. Nd5 Ne7 21. Nexf6+ gxf6 22. Qg4+ Ng6 23. Qe6+ Kg7 24. f4 Qf7 25. Qxf7+ Rxf7 26. fxe5 Nxe5 27. Rf4 d3 28. cxd3 Nxd3 29.
Rg4+ Kf8 30. b4 Ra7 31. h4 Kf7 32. Rd4 Ne5 33. Nc3 h5 34. Nxb5 Ra1+ 35. Kh2 Ng4+ 36.
Kg3 Rb1 37. Kf3 Rb3+ 38. Ke2 Rb2+ 39. Kd3 Rxg2 40. Nc7 Ne5+ 41. Kc3 Rg3+ 42. Kb2 Rg4 43. Kc3 Rg3+ 44. Kb2 Rg4 45. Nb5 Nc6 46. Rd7+ Kg6 47.
Nc3 Rxb4+ 48. Ka3 Rxh4 49. Rc7 Ne5 50. Nd5 Rh3+ 51. Kb4 Rh4+ 52. Kc3 Rh3+ 53. Kd2 Rd3+ 54. Ke2 Rxd5 55. Rc1 Kg5 56. Rg1+ Ng4 57. Kf3 f5 58. Kg3 Rd3+ 59. Kg2 Rd2+ 60. Kf3 h4 61.
Rg2 Rxg2 62. Kxg2 f4 63. Kh3 Ne5 64. Kg2 Kg4 65. Kh2 f3 66. Kh1 Kf4 67. Kh2 Ke3 68.
Kg1 Ke2 69. Kh2 f2 0-1